 Dungeon Crawl Stone Soup version 0.20.0-14-g326068f (webtiles) character file.

2971 JeffiDaFish the Basher (level 9, -2/55 HPs)
             Began as a Gargoyle Fighter on June 8, 2017.
             Was a Follower of Okawaru.
             Slain by uglyjohn's ghost (8 damage)
             ... on level 8 of the Dungeon.
             The game lasted 00:15:47 (5659 turns).

JeffiDaFish the Basher (Gargoyle Fighter)           Turns: 5659, Time: 00:15:48

Health: -2/55      AC: 19    Str: 20    XL:     9   Next: 82%
Magic:  7/9        EV: 13    Int:  9    God:    Okawaru [*.....]
Gold:   407        SH: 13    Dex: 12    Spells: 8/8 levels left

rFire    . . .     SeeInvis .   a - +1 flail
rCold    . . .     Gourm    +   c - +0 shield
rNeg     + . .     Faith    .   b - +0 scale mail
rPois    ∞         Spirit   .   (no helmet)
rElec    +         Reflect  .   (no cloak)
rCorr    .         Harm     .   m - +0 pair of gloves
MR       .....                  d - +2 pair of boots
Stlth    ++........             t - amulet of the gourmand
Regen    0.2/turn               (no ring)
MPRegen  0.2/turn               (no ring)

@: heroism, slowed, very slow
A: negative energy resistance 1, electricity resistance, unbreathing,
petrification resistance, rot immunity, AC +5
a: Heroism, Renounce Religion


You were on level 8 of the Dungeon.
You worshipped Okawaru.
Okawaru was aware of your devotion.
You were very full.

You visited 2 branches of the dungeon, and saw 8 of its levels.

You collected 407 gold pieces.

Inventory:

Hand Weapons
 a - a +1 flail (weapon)
 l - a +3 whip of freezing
Armour
 b - a +0 scale mail (worn)
 c - a +0 shield (worn)
 d - a +2 pair of boots (worn)
 m - a +0 pair of gloves (worn)
Jewellery
 p - an uncursed amulet of magic regeneration {unknown}
 t - an amulet of the gourmand (around neck)
Scrolls
 e - 3 scrolls of magic mapping
 g - 5 scrolls of remove curse
 n - a scroll of fog
 q - 2 scrolls of amnesia
Potions
 i - 2 potions of magic
 j - 2 potions of flight
Comestibles
 f - 5 bread rations
 h - 4 meat rations
 o - a royal jelly


   Skills:
 + Level 5.7(10.7) Fighting
 + Level 9.0(14.0) Maces & Flails
 + Level 6.8(11.8) Armour
 + Level 2.6(7.6) Dodging
 + Level 1.3(6.3) Stealth
 + Level 7.5(12.5) Shields


You had 8 spell levels left.
You didn't know any spells.

Dungeon Overview and Level Annotations

Branches:
Dungeon (6/15)             Temple (1/1) D:6

Altars:
Cheibriados
Dithmenos
Fedhas
Gozag
Makhleb
Nemelex Xobeh
Okawaru
Qazlal
Xom
The Shining One

Shops:
D:4 ?   D:5 %

Annotations:
D:8 uglyjohn's ghost, novice GrBe


Innate Abilities, Weirdness & Mutations

You are resistant to torment.
Your stone body is resilient. (AC +5)
You are immune to poison.
You resist negative energy. (rN+)
You are resistant to electric shocks. (rElec)
You can survive without breathing.
You are immune to petrification.
You are immune to rotting.


Message History

You block something's attack.
You hit uglyjohn's ghost but do no damage.
Uglyjohn's ghost is moderately damaged.
Something hits you but does no damage. You block uglyjohn's ghost's attack.
Something hits you but does no damage.
You hit uglyjohn's ghost but do no damage.
Uglyjohn's ghost is moderately damaged.
Uglyjohn's ghost hits you but does no damage.
Something hits you but does no damage.
The orc wizard mumbles some strange words.
The orc wizard blinks!
You barely miss uglyjohn's ghost.
Uglyjohn's ghost is moderately damaged.
You hear some strange, mumbled words.
A magic dart appears from out of thin air!
The magic dart hits you!
* * * LOW HITPOINT WARNING * * *
You block uglyjohn's ghost's attack. Something hits you but does no damage.
You closely miss something. Uglyjohn's ghost hits you!
You die...

#..........#
###.##..#.##.#
#...###.#.##.#
###.#.#
#.#.##.#
##...#.#
#.#.##.##
#######.<###.#
#.#.##..#
#.........##.#
#.#.###.##
#.........##W#
#[#.# #..##
#.........##@#
#.# ##>.####
#..........#{#
#.# ##...##
#..........#F#
###.##
#......>..)#l#
h#
##########>.o#
.. ##.o# ##.
##..# #. #..#
## #..# ..


You could see a bullfrog, an iguana, an orc wizard, uglyjohn's ghost and an orc.

Vanquished Creatures
  The ghost of SirKenneth the Skirmisher, a novice VSFi (D:6)
  The ghost of nicksoapdish the Ruffian, an amateur CeMo (D:4)
  Grinder (D:2)
  A hippogriff (D:8)
  3 ice beasts
  An orc warrior (D:8)
  A sky beast (D:8)
  2 black bears (D:8)
  A necrophage (D:6)
  An ogre (D:6)
  A centaur (D:6)
  2 bullfrogs
  3 scorpions
  4 wights (D:5)
  A howler monkey (D:4)
  2 crimson imps
  A bullfrog zombie (D:5)
  A jelly (D:5)
  3 centaur skeletons
  4 orc priests
  2 hounds
  2 orc wizards (D:8)
  Terence (D:3)
  4 worker ants
  3 gnolls (D:4)
  A howler monkey skeleton (D:8)
  6 adders
  A shadow imp (D:5)
  An ooze (D:6)
  An adder skeleton (D:8)
  A worm (D:5)
  2 dart slugs
  5 leopard geckos
  9 orcs
  2 giant cockroaches
  8 hobgoblins
  9 kobolds
  3 quokkas
  A ball python (D:2)
  3 bats
  5 frilled lizards
  11 goblins
  A leopard gecko skeleton (D:4)
  3 rats
120 creatures vanquished.

Notes
Turn   | Place    | Note
-------+----------+-------------------------------------------
     0 | D:1      | JeffiDaFish the Gargoyle Fighter began the quest for the Orb.
     0 | D:1      | Reached XP level 1. HP: 14/14 MP: 1/1
    98 | D:1      | Reached XP level 2. HP: 12/19 MP: 2/2
   559 | D:2      | Reached XP level 3. HP: 9/24 MP: 3/3
  1169 | D:2      | Found an opulent altar of Gozag.
  1285 | D:2      | Reached XP level 4. HP: 29/29 MP: 4/4
  1301 | D:2      | Found a snail-covered altar of Cheibriados.
  1530 | D:3      | Noticed Grinder
  1533 | D:3      | Paralysed by Grinder for 5 turns
  1542 | D:2      | Paralysed by Grinder for 2 turns
  1559 | D:2      | Killed Grinder
  1559 | D:2      | Reached skill level 3 in Maces & Flails
  1559 | D:2      | Reached skill level 1 in Dodging
  1559 | D:2      | Reached XP level 5. HP: 5/33 MP: 5/5
  1559 | D:2      | Reached XP level 6. HP: 6/38 MP: 6/6
  1829 | D:3      | Reached skill level 4 in Maces & Flails
  1857 | D:3      | Noticed Terence
  1867 | D:3      | Killed Terence
  2506 | D:4      | Reached XP level 7. HP: 43/43 MP: 7/7
  2537 | D:4      | Reached skill level 5 in Armour
  2599 | D:4      | Reached skill level 5 in Maces & Flails
  2761 | D:4      | Found Enuoc's Magic Scroll Shop.
  2781 | D:4      | Reached skill level 5 in Shields
  2813 | D:4      | Noticed nicksoapdish's ghost (amateur CeMo)
  2848 | D:4      | Killed nicksoapdish's ghost
  3369 | D:5      | Entered Level 5 of the Dungeon
  3389 | D:5      | Reached XP level 8. HP: 48/48 MP: 8/8
  3606 | D:5      | Reached skill level 6 in Maces & Flails
  3680 | D:5      | Found Leatin's Food Shop.
  3723 | D:5      | Reached skill level 1 in Stealth
  4252 | D:5      | Reached skill level 7 in Maces & Flails
  4478 | D:6      | Noticed SirKenneth's ghost (novice VSFi)
  4505 | D:6      | Killed SirKenneth's ghost
  4505 | D:6      | Reached skill level 5 in Fighting
  4505 | D:6      | Reached XP level 9. HP: 40/54 MP: 9/9
  4696 | D:6      | Reached skill level 8 in Maces & Flails
  4758 | D:6      | Found a shadowy altar of Dithmenos.
  4758 | D:6      | Found a glowing golden altar of the Shining One.
  4795 | D:6      | Found a sparkling altar of Nemelex Xobeh.
  4817 | D:6      | Found a staircase to the Ecumenical Temple.
  4862 | Temple   | Entered the Ecumenical Temple
  4893 | Temple   | Became a worshipper of Warmaster Okawaru
  4971 | D:6      | Found a sparkling altar of Nemelex Xobeh.
  5106 | D:6      | Found a blossoming altar of Fedhas.
  5175 | D:6      | You fall through a shaft for 2 floors!
  5223 | D:8      | Noticed uglyjohn's ghost (novice GrBe)
  5253 | D:8      | Reached * piety under Okawaru
  5559 | D:8      | Found Pugake's Antique Weapon Shoppe.
  5639 | D:8      | Reached skill level 9 in Maces & Flails
  5659 | D:8      | Slain by uglyjohn's ghost

Skill      XL: |  1  2  3  4  5  6  7  8  9 |
---------------+----------------------------+-----
Armour         | 4 5 6 |  6.8
Fighting       | 4 5 |  5.7
Maces & Flails | 3 4 5 7 9 |  9.0
Dodging        | 1 2 |  2.6
Shields        | 4 5 6 7 |  7.5
Stealth        | 1 |  1.3

Action                   |  1- 3 |  4- 6 |  7- 9 || total
-------------------------+-------+-------+-------++-------
Melee: Flail             |    94 |   113 |   422 ||   629
       Whip              |       |       |    12 ||    12
Invok: Heroism           |       |       |     1 ||     1
  Use: Scroll            |     4 |     2 |     7 ||    13
       Potion            |     2 |     4 |     6 ||    12
  Eat: Chunk             |     1 |     4 |    19 ||    24
Armor: Scale mail        |    52 |    64 |   209 ||   325
       Skin              |       |       |     1 ||     1
Dodge: Dodged            |    32 |    43 |   108 ||   183
Block: Shield            |    52 |    85 |   233 ||   370
